 Dungeon Crawl Stone Soup version 0.20-a0-517-g5f97612 (webtiles) character file.

352 Dharzhak the Shield-Bearer (level 6, -4/53 HPs)
             Began as a Minotaur Fighter on Jan 24, 2017.
             Killed by divine providence
             ... invoked by an orc priest
              (12 damage)
             ... on level 4 of the Dungeon.
             The game lasted 00:07:55 (2772 turns).

Dharzhak the Shield-Bearer (Minotaur Fighter)       Turns: 2772, Time: 00:07:57

Health: -4/53      AC:  9    Str: 22    XL:     6   Next: 35%
Magic:  5/5        EV:  6    Int:  5    God:
Gold:   75         SH: 10    Dex: 10    Spells: 5/5 levels left

rFire    . . .     SeeInvis .   a - +0 war axe
rCold    . . .     Gourm    .   n - +0 chain mail
rNeg     . . .     Faith    .   c - +0 shield
rPois    .         Spirit   .   (helmet restricted)
rElec    .         Reflect  .   (no cloak)
rCorr    .         Harm     .   (no gloves)
MR       .....                  (no boots)
Stlth    ..........             (no amulet)
Regen    0.2/turn               (no ring)
                                (no ring)

@: no status effects
A: retaliatory headbutt, horns 2
a: no special abilities


You were on level 4 of the Dungeon.
You were not hungry.

You visited 1 branch of the dungeon, and saw 4 of its levels.

You collected 75 gold pieces.

Inventory:

Hand Weapons
 a - a +0 war axe (weapon)
Armour
 c - a +0 shield (worn)
 n - a +0 chain mail (worn)
Scrolls
 e - a scroll of teleportation {unknown}
 h - 2 scrolls of identify
 i - a scroll of enchant weapon {unknown}
 j - 2 scrolls of remove curse
 m - a scroll of fear {unknown}
 q - a scroll of fog {unknown}
 r - a scroll of enchant armour {unknown}
 t - a scroll of magic mapping {unknown}
Potions
 b - a potion of brilliance
 k - a potion of ambrosia
 p - a potion of curing
 s - a potion of flight
Comestibles
 d - 6 chunks of flesh
 f - 2 bread rations
 l - 3 meat rations
 o - 2 fruits


   Skills:
 + Level 4.7 Fighting
 + Level 4.8 Axes
 + Level 5.2 Armour
 + Level 1.2 Dodging
 + Level 0.1 Stealth
 + Level 5.3 Shields


You had 5 spell levels left.
You didn't know any spells.

Dungeon Overview and Level Annotations

Branches:
Dungeon (4/15)
 Temple: D:4-7

Altars:
Kikubaaqudgha
Qazlal
Uskayaw


Innate Abilities, Weirdness & Mutations

You reflexively headbutt those who attack you in melee.
You have a pair of horns on your head.


Message History

You hit the orc wizard.
The orc wizard hits you but does no damage.
The centaur skeleton hits you but does no damage.
You block the orc wizard's attack. The orc hits you but does no damage.
The centaur skeleton hits you.
The orc priest mumbles some strange prayers to Beogh against you.
Beogh smites you!
* * * LOW HITPOINT WARNING * * *
The centaur skeleton closely misses you.
You block the orc wizard's attack.
The centaur skeleton hits you but does no damage.
The orc wizard mumbles some strange words.
The orc wizard blinks!
The orc wizard hits you with a dagger.
* * * LOW HITPOINT WARNING * * *
The orc wizard hits you with a dagger.
* * * LOW HITPOINT WARNING * * *
The orc priest calls down the wrath of Beogh upon you.
Beogh smites you!
You die...

.# ####+#.# #.. ######.#
>.....# #.# #......# ......#
#.# #......#
.[...###.###.###).....##
#....+ ... ... +........
#....# #.# #.# #.o....##
#####....###.###o###.o..[...
#<.............@Z.ooo.......
######.#####.#...#####......
###'### #.#...# #####
#.....###.'...+
#.......#.#...#
#.............+
#######.#.#...# #.#.#.###
#+#+#.#


You could see an orc priest, an orc wizard, 3 orcs and a centaur skeleton.

Vanquished Creatures
  Grinder (D:3)
  Terence (D:2)
  6 adders
  2 worms
  2 dart slugs
  3 leopard geckos
  2 orcs (D:4)
  8 bats
  3 giant cockroaches
  8 goblins
  7 hobgoblins
  4 jackals
  A quokka (D:2)
  A ball python (D:2)
  5 frilled lizards
  10 kobolds
  10 rats
74 creatures vanquished.

Notes
Turn   | Place    | Note
-------+----------+-------------------------------------------
     0 | D:1      | Dharzhak the Minotaur Fighter began the quest for the Orb.
     0 | D:1      | Reached XP level 1. HP: 19/19 MP: 0/0
   451 | D:1      | Reached XP level 2. HP: 11/27 MP: 1/1
  1013 | D:2      | Reached XP level 3. HP: 27/33 MP: 2/2
  1091 | D:2      | Noticed Terence
  1109 | D:2      | Killed Terence
  1327 | D:2      | Reached XP level 4. HP: 40/40 MP: 3/3
  1636 | D:2      | Reached skill level 1 in Dodging
  2204 | D:3      | Found an ancient bone altar of Kikubaaqudgha.
  2220 | D:3      | Found a stormy altar of Qazlal.
  2222 | D:3      | Found a hide-covered altar of Uskayaw.
  2307 | D:3      | Noticed Grinder
  2325 | D:3      | Killed Grinder
  2325 | D:3      | Reached skill level 5 in Armour
  2325 | D:3      | Reached skill level 5 in Shields
  2325 | D:3      | Reached XP level 5. HP: 19/47 MP: 4/4
  2325 | D:3      | Reached XP level 6. HP: 21/53 MP: 5/5
  2772 | D:4      | Killed from afar by an orc priest

Vault maps used:
D:1:      roderic_lyre, st_stairs_3
D:2:      uniq_terence
D:3:      minitemple, uniq_grinder
D:4:      nicolae_ru_the_path_less_chosen, kennysheep_mini, serial_shops, shop,
          first_bread, serial_park_tiny_2, uniq_robin, uniq_edmund

Skill      XL: |  1  2  3  4 |
---------------+-------------+-----
Armour         | 4 5 |  5.2
Fighting       | 4 |  4.7
Shields        | 4 5 |  5.3
Axes           | 3 4 |  4.8
Dodging        | 1 |  1.2
Stealth        | |  0.1

Action                   |  1- 3 |  4- 6 || total
-------------------------+-------+-------++-------
Melee: War axe           |    83 |    97 ||   180
       Headbutt          |    10 |    13 ||    23
  Use: Scroll            |       |     5 ||     5
       Potion            |       |     1 ||     1
  Eat: Chunk             |     1 |     5 ||     6
Armor: Scale mail        |    46 |       ||    46
       Chain mail        |     6 |    53 ||    59
Dodge: Dodged            |    40 |    30 ||    70
Block: Shield            |    53 |    86 ||   139
